Tampa Bay Lightning vs Winnipeg Jets
Created - Monday, November 20, 2023 at 07:04
Goals
|
| Tampa Bay Lightning |
0 |
2 |
0 |
0 |
1 |
3 |
| Winnipeg Jets |
1 |
1 |
0 |
0 |
0 |
2 |
|
Shots
|
| Tampa Bay Lightning |
4 |
18 |
16 |
0 |
3 |
38 |
| Winnipeg Jets |
14 |
8 |
16 |
0 |
3 |
38 |
|
1st period
1. Winnipeg Jets , Joel Armia 6 (Sam Steel 11, Nathan Beaulieu 12) at 10:46
Penalties :
Vladislav Gavrikov (TBL) for Holding (Minor) at 6:42, Alex DeBrincat (WPG) for Tripping (Minor) at 16:33
2nd period
2. Tampa Bay Lightning , Gustav Nyquist 10 (Christian Dvorak 16, Darnell Nurse 16) at 10:43
3. Winnipeg Jets , Matthew Beniers 14 (Andrew Cogliano 11, Yegor Sharangovich 16) at 10:55
4. Tampa Bay Lightning , Christian Dvorak 9 (Hampus Lindholm 23, Ivan Barbashev 11) at 14:36
Penalties :
Calen Addison (WPG) for Roughing (Minor) at 14:43, Ryan Graves (TBL) for Hooking (Minor) at 18:46
3rd period
No Goal
Penalties :
Kaiden Guhle (WPG) for Hooking (Minor) at 2:53
Overtime #1
No Goal
Penalties :
No Penalty
Shootout
Tampa Bay Lightning, Gustav Nyquist - Stopped by Spencer Knight
Winnipeg Jets, Connor McDavid - Stopped by Filip Gustavsson
Tampa Bay Lightning, Kirill Kaprizov - Goal!
Winnipeg Jets, Nick Suzuki - Stopped by Filip Gustavsson
Tampa Bay Lightning, Alexander Kerfoot - Shot Misses the Net
Winnipeg Jets, Alex DeBrincat - Stopped by Filip Gustavsson
Penalties :
No Penalty
Goalie Stats
Filip Gustavsson (TBL), 36 saves from 38 shots - (0.947), W, 31-15-5, 65:00 minutes
Spencer Knight (WPG), 36 saves from 38 shots - (0.947), OTL, 9-13-3, 65:00 minutes
Players Stats for Tampa Bay Lightning
Player Name G A P +/- PIM S H SB GA TA FO MP PP MP PK MP
------------------------------------------------------------------------------------
Alexander Kerfoot 0 0 0 2 0 1 0 0 0 1 0/0 10:15 0:00 2:03
Anze Kopitar 0 0 0 -1 0 2 1 0 0 0 10/25 18:49 0:00 2:03
Christian Dvorak 1 1 2 2 0 1 0 0 0 0 1/1 9:55 0:00 1:46
Darnell Nurse 0 1 1 1 0 2 2 2 0 0 0/0 25:33 2:32 2:02
Dylan Cozens 0 0 0 0 0 2 2 0 0 0 8/14 17:15 2:56 0:00
Gustav Nyquist 1 0 1 2 0 3 2 0 0 1 0/0 11:06 0:00 1:46
Hampus Lindholm 0 1 1 1 0 3 1 0 0 2 0/0 26:58 2:32 1:40
Ivan Barbashev 0 1 1 0 0 1 2 1 0 0 0/0 13:34 0:00 0:00
Johnny Gaudreau 0 0 0 -1 0 4 2 0 1 0 0/3 17:18 2:56 0:00
Kirill Kaprizov 0 0 0 -1 0 7 5 1 1 0 0/2 19:01 3:01 0:09
Michael Matheson 0 0 0 0 0 0 3 0 1 0 0/0 18:26 3:25 0:00
Moritz Seider 0 0 0 -1 0 2 1 1 0 0 0/0 22:48 3:25 1:56
Roope Hintz 0 0 0 0 0 2 0 0 0 0 1/2 16:35 3:01 0:00
Ryan Graves 0 0 0 0 2 1 0 1 0 1 0/0 15:18 0:00 1:24
Tomas Hertl 0 0 0 -1 0 3 1 2 0 0 7/14 16:08 0:00 0:00
Travis Konecny 0 0 0 -1 0 0 4 0 0 0 0/3 18:43 3:01 0:09
Tyler Toffoli 0 0 0 -1 0 3 0 1 3 0 0/0 17:18 2:56 0:00
Vladislav Gavrikov 0 0 0 -1 2 1 0 0 0 1 0/0 21:00 0:00 0:54
Players Stats for Winnipeg Jets
Player Name G A P +/- PIM S H SB GA TA FO MP PP MP PK MP
------------------------------------------------------------------------------------
Alex DeBrincat 0 0 0 0 2 4 2 0 1 0 1/2 20:31 1:25 1:54
Andrew Cogliano 0 1 1 1 0 2 1 0 1 0 0/1 15:20 0:00 0:47
Barclay Goodrow 0 0 0 -2 0 1 0 0 0 1 1/1 14:04 1:52 0:00
Calen Addison 0 0 0 0 2 1 1 0 0 1 0/0 20:48 1:47 2:02
Connor McDavid 0 0 0 0 0 5 2 1 0 0 8/16 20:56 1:25 2:53
Dante Fabbro 0 0 0 -1 0 2 2 2 0 0 0/0 25:26 2:11 3:02
Dylan Samberg 0 0 0 1 0 0 1 2 0 1 0/0 17:48 0:00 0:00
Joel Armia 1 0 1 1 0 4 1 0 1 0 0/0 8:27 0:13 0:00
Kaapo Kakko 0 0 0 -2 0 3 1 0 1 0 0/0 14:04 1:52 0:00
Kaiden Guhle 0 0 0 -1 2 0 2 2 0 1 0/0 25:58 2:11 2:21
Lucas Raymond 0 0 0 0 0 2 2 0 0 0 0/0 20:55 1:14 2:52
Matthew Beniers 1 0 1 1 0 2 0 2 0 0 7/14 15:20 0:28 0:00
Nathan Beaulieu 0 1 1 1 0 0 1 3 0 1 0/0 21:44 1:47 3:30
Nick Suzuki 0 0 0 -2 0 3 1 0 0 1 12/19 19:10 1:52 2:53
Pius Suter 0 0 0 1 0 3 0 0 0 0 1/1 8:58 0:13 0:11
Sam Steel 0 1 1 1 0 2 1 0 0 0 6/8 9:51 0:39 0:00
Ty Smith 0 0 0 0 0 2 0 0 0 0 0/0 18:56 0:00 0:59
Yegor Sharangovich 0 1 1 1 0 2 2 1 2 0 1/2 15:44 0:41 0:24
3 Stars
1 - Christian Dvorak (TBL)
2 - Filip Gustavsson (TBL)
3 - Gustav Nyquist (TBL)
Power Play
Tampa Bay Lightning - 0 on 3 Attempt(s) - 0.00%
Winnipeg Jets - 0 on 2 Attempt(s) - 0.00%
Penalty Kill
Tampa Bay Lightning - 2 on 2 Attempt(s) - 100.00%
- Score 0 goal in Penalty Kill
Winnipeg Jets - 3 on 3 Attempt(s) - 100.00%
- Score 0 goal in Penalty Kill
Team Stat
Tampa Bay Lightning - Hits : 26 - Faceoff Wins : 27 - Blocked Shots : 9 - Penalty Minutes : 4
Winnipeg Jets - Hits : 20 - Faceoff Wins : 37 - Blocked Shots : 13 - Penalty Minutes : 6
Official
Referees : Dan O'Halloran and Mike Hasenfratz
Linesman : Lonnie Cameron and Michel Cormier
Game Notes
No Game Note
Finance
Level 1 -- Attendance: 5557 (92.62%) -- Ticket Income $511,244
Level 2 -- Attendance: 5000 (100.00%) -- Ticket Income $275,000
Level 3 -- Attendance: 2780 (92.67%) -- Ticket Income $83,400
Level 4 -- Attendance: 5000 (100.00%) -- Ticket Income $110,000
Luxury Box -- Attendance: 883 (88.30%) -- Ticket Income $167,770
Game was played at the MTS Centre.
Total Attendance: 19220 (96.10%)
Total Ticket Income: $1,147,414
Other Income: $401,595
Total Income: $1,549,009
Tampa Bay Lightning
5 vs 5 Forward
Center Left Wing Right Wing Time % Phy DF OF
1 Tomas Hertl Kirill Kaprizov Travis Konecny 30 1 2 2
2 Dylan Cozens Roope Hintz Ivan Barbashev 30 1 2 2
3 Anze Kopitar Johnny Gaudreau Tyler Toffoli 30 1 2 2
4 Christian Dvorak Alexander Kerfoot Gustav Nyquist 10 1 2 2
5 vs 5 Defense
Defense Defense Time % Phy DF OF
1 Darnell Nurse Hampus Lindholm 40 1 2 2
2 Moritz Seider Vladislav Gavrikov 35 1 2 2
3 Michael Matheson Ryan Graves 25 0 3 2
4 Darnell Nurse Moritz Seider 0 1 2 2
PowerPlay Forward
Center Left Wing Right Wing Time % Phy DF OF
1 Roope Hintz Kirill Kaprizov Travis Konecny 50 1 2 2
2 Dylan Cozens Johnny Gaudreau Tyler Toffoli 50 1 2 2
PowerPlay Defense
Defense Defense Time % Phy DF OF
1 Michael Matheson Moritz Seider 50 1 2 2
2 Hampus Lindholm Darnell Nurse 50 1 2 2
Penalty Kill 4 Players Forward
Center Wing Time % Phy DF OF
1 Anze Kopitar Alexander Kerfoot 50 1 2 2
2 Christian Dvorak Gustav Nyquist 50 1 2 2
Penalty Kill 4 Players Defense
Defense Defense Time % Phy DF OF
1 Darnell Nurse Vladislav Gavrikov 50 1 2 2
2 Moritz Seider Ryan Graves 50 1 2 2
Penalty Kill - 3 Players Forward
Forward Time % Phy DF OF
1 Anze Kopitar 50 1 2 2
2 Christian Dvorak 50 1 2 2
Penalty Kill - 3 Players Defense
Defense Defense Time % Phy DF OF
1 Darnell Nurse Vladislav Gavrikov 50 1 2 2
2 Moritz Seider Ryan Graves 50 1 2 2
4 vs 4 Forward
Center Wing Time % Phy DF OF
1 Tomas Hertl Kirill Kaprizov 50 1 2 2
2 Anze Kopitar Travis Konecny 50 1 2 2
4 vs 4 Defense
Defense Defense Time % Phy DF OF
1 Michael Matheson Vladislav Gavrikov 50 1 2 2
2 Hampus Lindholm Ryan Graves 50 1 2 2
Last Minutes Offensive
Center Left Wing Right Wing Defense Defense
Anze Kopitar Kirill Kaprizov Travis Konecny Darnell Nurse Moritz Seider
Last Minutes Defensive
Center Left Wing Right Wing Defense Defense
Anze Kopitar Christian Dvorak Alexander Kerfoot Darnell Nurse Moritz Seider
Goaltenders
Starting : Filip Gustavsson
Backup : Darcy Kuemper
Extra Forwards
Normal : Tomas Hertl, Anze Kopitar, Dylan Cozens - PP : Tomas Hertl, Anze Kopitar - PK : Travis Konecny
Extra Defensemen
Normal : Vladislav Gavrikov, Ryan Graves, Hampus Lindholm - PP : Vladislav Gavrikov - PK : Ryan Graves, Hampus Lindholm
Penalty Shots
Gustav Nyquist, Kirill Kaprizov, Alexander Kerfoot, Anze Kopitar, Roope Hintz
Winnipeg Jets
5 vs 5 Forward
Center Left Wing Right Wing Time % Phy DF OF
1 Connor McDavid Alex DeBrincat Lucas Raymond 30 1 2 2
2 Nick Suzuki Barclay Goodrow Kaapo Kakko 30 1 2 2
3 Matthew Beniers Andrew Cogliano Yegor Sharangovich 25 1 2 2
4 Sam Steel Pius Suter Joel Armia 15 1 2 2
5 vs 5 Defense
Defense Defense Time % Phy DF OF
1 Dante Fabbro Kaiden Guhle 35 1 2 2
2 Nathan Beaulieu Dylan Samberg 35 1 2 2
3 Calen Addison Ty Smith 30 1 2 2
4 Dante Fabbro Kaiden Guhle 0 1 2 2
PowerPlay Forward
Center Left Wing Right Wing Time % Phy DF OF
1 Connor McDavid Alex DeBrincat Lucas Raymond 50 1 2 2
2 Nick Suzuki Barclay Goodrow Kaapo Kakko 50 1 2 2
PowerPlay Defense
Defense Defense Time % Phy DF OF
1 Dante Fabbro Kaiden Guhle 50 1 2 2
2 Nathan Beaulieu Calen Addison 50 1 2 2
Penalty Kill 4 Players Forward
Center Wing Time % Phy DF OF
1 Connor McDavid Nick Suzuki 50 1 2 2
2 Alex DeBrincat Lucas Raymond 50 1 2 2
Penalty Kill 4 Players Defense
Defense Defense Time % Phy DF OF
1 Kaiden Guhle Dante Fabbro 50 1 2 2
2 Nathan Beaulieu Calen Addison 50 1 2 2
Penalty Kill - 3 Players Forward
Forward Time % Phy DF OF
1 Connor McDavid 50 1 2 2
2 Nick Suzuki 50 1 2 2
Penalty Kill - 3 Players Defense
Defense Defense Time % Phy DF OF
1 Kaiden Guhle Dante Fabbro 50 1 2 2
2 Ty Smith Nathan Beaulieu 50 1 2 2
4 vs 4 Forward
Center Wing Time % Phy DF OF
1 Connor McDavid Nick Suzuki 50 1 2 2
2 Alex DeBrincat Lucas Raymond 50 1 2 2
4 vs 4 Defense
Defense Defense Time % Phy DF OF
1 Dante Fabbro Kaiden Guhle 50 1 2 2
2 Calen Addison Ty Smith 50 1 2 2
Last Minutes Offensive
Center Left Wing Right Wing Defense Defense
Connor McDavid Alex DeBrincat Lucas Raymond Dante Fabbro Kaiden Guhle
Last Minutes Defensive
Center Left Wing Right Wing Defense Defense
Nick Suzuki Andrew Cogliano Barclay Goodrow Dante Fabbro Kaiden Guhle
Goaltenders
Starting : Spencer Knight
Backup : Pavel Francouz
Extra Forwards
Normal : Sam Steel, Matthew Beniers, Andrew Cogliano - PP : Sam Steel, Matthew Beniers - PK : Andrew Cogliano
Extra Defensemen
Normal : Kaiden Guhle, Ty Smith, Dante Fabbro - PP : Kaiden Guhle - PK : Kaiden Guhle, Dante Fabbro
Penalty Shots
Connor McDavid, Nick Suzuki, Alex DeBrincat, Lucas Raymond, Matthew Beniers
% Time on Ice - Tampa Bay Lightning
Lines # - Real PCT - Wanted PCT - Time Play
Normal Forward
1 - 27% - 30% - 13:32
2 - 28% - 30% - 14:05
3 - 29% - 30% - 14:20
4 - 16% - 10% - 8:08
Normal Defense
1 - 42% - 40% - 20:48
2 - 35% - 35% - 17:37
3 - 23% - 25% - 11:40
4 - 0% - 0% - 0:00
PP Forward
1 - 51% - 50% - 3:01
2 - 49% - 50% - 2:56
PP Defense
1 - 57% - 50% - 3:25
2 - 43% - 50% - 2:32
PK Forward
1 - 52% - 50% - 2:03
2 - 48% - 50% - 1:55
PK Defense
1 - 51% - 50% - 2:02
2 - 49% - 50% - 1:56
PK3 Forward
1 - 0% - 50%
2 - 0% - 50%
PK3 Defense
1 - 0% - 50%
2 - 0% - 50%
44 Forward
1 - 55% - 50% - 2:44
2 - 45% - 50% - 2:16
44 Defense
1 - 51% - 50% - 2:33
2 - 49% - 50% - 2:27
Last Minute Offensive - 0:00
Last Minute Defensive - 0:00
Total
Forward - 65:00
Defense - 65:00
|
% Time on Ice - Winnipeg Jets
Lines # - Real PCT - Wanted PCT - Time Play
Normal Forward
1 - 30% - 30% - 15:07
2 - 26% - 30% - 12:54
3 - 28% - 25% - 13:50
4 - 16% - 15% - 8:14
Normal Defense
1 - 35% - 35% - 17:36
2 - 36% - 35% - 17:47
3 - 29% - 30% - 14:42
4 - 0% - 0% - 0:00
PP Forward
1 - 45% - 50% - 1:47
2 - 55% - 50% - 2:11
PP Defense
1 - 55% - 50% - 2:11
2 - 45% - 50% - 1:47
PK Forward
1 - 49% - 50% - 2:54
2 - 51% - 50% - 3:03
PK Defense
1 - 41% - 50% - 2:27
2 - 59% - 50% - 3:30
PK3 Forward
1 - 0% - 50%
2 - 0% - 50%
PK3 Defense
1 - 0% - 50%
2 - 0% - 50%
44 Forward
1 - 49% - 50% - 2:27
2 - 51% - 50% - 2:33
44 Defense
1 - 66% - 50% - 3:18
2 - 34% - 50% - 1:42
Last Minute Offensive - 0:00
Last Minute Defensive - 0:00
Total
Forward - 65:00
Defense - 65:00
|
Play-by-Play
1st period
0:01 of 1st period - Tomas Hertl wins face-off versus Connor McDavid in neutral zone.
0:59 of 1st period - Snap shot by Johnny Gaudreau.
0:59 of 1st period - Shot Misses the Net.
1:09 of 1st period - Vladislav Gavrikov is hit by Dylan Samberg and loses puck.
1:20 of 1st period - Slapshot by Joel Armia.
1:20 of 1st period - Stopped by Filip Gustavsson without a rebound.
1:21 of 1st period - Anze Kopitar wins face-off versus Nick Suzuki in Tampa Bay Lightning zone.
2:09 of 1st period - Off-side.
2:10 of 1st period - Dylan Cozens wins face-off versus Matthew Beniers in neutral zone.
2:33 of 1st period - Ivan Barbashev is hit by Yegor Sharangovich and loses puck.
2:44 of 1st period - Snap shot by Roope Hintz.
2:44 of 1st period - Deflect By Dylan Cozens.
2:44 of 1st period - Shot Blocked by Matthew Beniers.
2:44 of 1st period - Puck is out of play.
2:45 of 1st period - Tomas Hertl wins face-off versus Sam Steel in Winnipeg Jets zone.
2:48 of 1st period - Wrist shot by Kirill Kaprizov.
2:48 of 1st period - Shot Misses the Net.
5:07 of 1st period - Off-side.
5:08 of 1st period - Dylan Cozens wins face-off versus Connor McDavid in neutral zone.
5:11 of 1st period - Snap shot by Dylan Cozens.
5:11 of 1st period - Stopped by Spencer Knight with a rebound.
5:56 of 1st period - Wrist shot by Alex DeBrincat.
5:56 of 1st period - Stopped by Filip Gustavsson with a rebound.
6:02 of 1st period - Snap shot by Alex DeBrincat.
6:02 of 1st period - Stopped by Filip Gustavsson with a rebound.
6:04 of 1st period - Snap shot by Dante Fabbro.
6:04 of 1st period - Shot Blocked by Kirill Kaprizov.
6:06 of 1st period - Slapshot by Kaiden Guhle.
6:06 of 1st period - Shot Misses the Net.
6:35 of 1st period - Wrist shot by Alex DeBrincat.
6:35 of 1st period - Deflect By Connor McDavid.
6:35 of 1st period - Stopped by Filip Gustavsson with a rebound.
6:37 of 1st period - Slapshot by Dante Fabbro.
6:37 of 1st period - Shot Misses the Net.
6:42 of 1st period - Minor Penalty to Vladislav Gavrikov for Holding.
6:43 of 1st period - Nick Suzuki wins face-off versus Anze Kopitar in Tampa Bay Lightning zone.
6:56 of 1st period - Slapshot by Kaapo Kakko.
6:56 of 1st period - Stopped by Filip Gustavsson with a rebound.
7:08 of 1st period - Nathan Beaulieu is hit by Darnell Nurse and loses puck.
7:55 of 1st period - Snap shot by Yegor Sharangovich.
7:55 of 1st period - Stopped by Filip Gustavsson with a rebound.
7:57 of 1st period - Snap shot by Dante Fabbro.
7:57 of 1st period - Stopped by Filip Gustavsson with a rebound.
8:42 of 1st period - Penalty to Vladislav Gavrikov is over, Vladislav Gavrikov is back on ice.
9:08 of 1st period - Dylan Samberg is hit by Tomas Hertl and loses puck.
9:37 of 1st period - Icing by Calen Addison.
9:38 of 1st period - Nick Suzuki wins face-off versus Dylan Cozens in Winnipeg Jets zone.
9:46 of 1st period - Icing by Barclay Goodrow.
9:47 of 1st period - Nick Suzuki wins face-off versus Johnny Gaudreau in Winnipeg Jets zone.
10:40 of 1st period - Snap shot by Sam Steel.
10:40 of 1st period - Stopped by Filip Gustavsson with a rebound.
10:42 of 1st period - Snap shot by Joel Armia.
10:42 of 1st period - Shot Misses the Net.
10:44 of 1st period - Slapshot by Nathan Beaulieu.
10:44 of 1st period - Deflect By Sam Steel.
10:44 of 1st period - Stopped by Filip Gustavsson with a rebound.
10:46 of 1st period - Snap shot by Joel Armia.
10:46 of 1st period - Goal by Joel Armia - Tampa Bay Lightning : 0 - Winnipeg Jets : 1.
10:47 of 1st period - Nick Suzuki wins face-off versus Anze Kopitar in neutral zone.
11:12 of 1st period - Andrew Cogliano is hit by Ivan Barbashev and loses puck.
11:17 of 1st period - Wrist shot by Dylan Cozens.
11:17 of 1st period - Shot Blocked by Nathan Beaulieu.
11:19 of 1st period - Slapshot by Hampus Lindholm.
11:19 of 1st period - Shot Misses the Net.
11:21 of 1st period - Snap shot by Hampus Lindholm.
11:21 of 1st period - Stopped by Spencer Knight with a rebound.
11:23 of 1st period - Slapshot by Darnell Nurse.
11:23 of 1st period - Shot Misses the Net.
11:25 of 1st period - Wrist shot by Dylan Cozens.
11:25 of 1st period - Shot Blocked by Nathan Beaulieu.
11:41 of 1st period - Connor McDavid is hit by Kirill Kaprizov and loses puck.
11:57 of 1st period - Off-side.
11:58 of 1st period - Christian Dvorak wins face-off versus Nick Suzuki in neutral zone.
12:07 of 1st period - Snap shot by Gustav Nyquist.
12:07 of 1st period - Shot Blocked by Dante Fabbro.
13:57 of 1st period - Snap shot by Matthew Beniers.
13:57 of 1st period - Stopped by Filip Gustavsson with a rebound.
14:17 of 1st period - Slapshot by Dylan Cozens.
14:17 of 1st period - Stopped by Spencer Knight with a rebound.
14:31 of 1st period - Kirill Kaprizov is hit by Dante Fabbro and loses puck.
14:59 of 1st period - Wrist shot by Gustav Nyquist.
14:59 of 1st period - Stopped by Spencer Knight without a rebound.
15:00 of 1st period - Connor McDavid wins face-off versus Anze Kopitar in Winnipeg Jets zone.
15:11 of 1st period - Snap shot by Connor McDavid.
15:11 of 1st period - Stopped by Filip Gustavsson without a rebound.
15:12 of 1st period - Nick Suzuki wins face-off versus Anze Kopitar in Tampa Bay Lightning zone.
15:15 of 1st period - Slapshot by Nick Suzuki.
15:15 of 1st period - Stopped by Filip Gustavsson with a rebound.
15:23 of 1st period - Wrist shot by Johnny Gaudreau.
15:23 of 1st period - Shot Misses the Net.
15:25 of 1st period - Slapshot by Hampus Lindholm.
15:25 of 1st period - Shot Misses the Net.
15:27 of 1st period - Snap shot by Hampus Lindholm.
15:27 of 1st period - Shot Misses the Net.
15:29 of 1st period - Slapshot by Hampus Lindholm.
15:29 of 1st period - Shot Misses the Net.
15:41 of 1st period - Snap shot by Yegor Sharangovich.
15:41 of 1st period - Deflect By Andrew Cogliano.
15:41 of 1st period - Shot Blocked by Darnell Nurse.
15:41 of 1st period - Puck is out of play.
15:42 of 1st period - Dylan Cozens wins face-off versus Matthew Beniers in Tampa Bay Lightning zone.
15:51 of 1st period - Slapshot by Matthew Beniers.
15:51 of 1st period - Shot Blocked by Ryan Graves.
15:58 of 1st period - Off-side.
15:59 of 1st period - Nick Suzuki wins face-off versus Anze Kopitar in neutral zone.
16:02 of 1st period - Backhand shot by Barclay Goodrow.
16:02 of 1st period - Stopped by Filip Gustavsson without a rebound.
16:03 of 1st period - Nick Suzuki wins face-off versus Anze Kopitar in Tampa Bay Lightning zone.
16:33 of 1st period - Minor Penalty to Alex DeBrincat for Tripping.
16:34 of 1st period - Connor McDavid wins face-off versus Roope Hintz in Winnipeg Jets zone.
17:31 of 1st period - Roope Hintz is hit by Lucas Raymond and loses puck.
18:33 of 1st period - Penalty to Alex DeBrincat is over, Alex DeBrincat is back on ice.
18:41 of 1st period - Snap shot by Alex DeBrincat.
18:41 of 1st period - Shot Misses the Net.
18:47 of 1st period - Dante Fabbro is hit by Darnell Nurse and loses puck.
19:47 of 1st period - Christian Dvorak is hit by Nick Suzuki and loses puck.
Goals for this period are 0 for Tampa Bay Lightning vs 1 for Winnipeg Jets.
Shots for this period are 4 for Tampa Bay Lightning vs 14 for Winnipeg Jets.
2nd period
0:01 of 2nd period - Alex DeBrincat wins face-off versus Anze Kopitar in neutral zone.
0:26 of 2nd period - Kirill Kaprizov is hit by Andrew Cogliano and loses puck.
0:33 of 2nd period - Slapshot by Darnell Nurse.
0:33 of 2nd period - Stopped by Spencer Knight with a rebound.
1:32 of 2nd period - Wrist shot by Kirill Kaprizov.
1:32 of 2nd period - Stopped by Spencer Knight without a rebound.
1:33 of 2nd period - Sam Steel wins face-off versus Travis Konecny in Winnipeg Jets zone.
1:33 of 2nd period - Sam Steel is hit by Kirill Kaprizov.
1:41 of 2nd period - Pius Suter is hit by Travis Konecny and loses puck.
2:26 of 2nd period - Icing by Nick Suzuki.
2:27 of 2nd period - Nick Suzuki wins face-off versus Dylan Cozens in Winnipeg Jets zone.
2:52 of 2nd period - Dylan Samberg is hit by Anze Kopitar and loses puck.
3:09 of 2nd period - Snap shot by Nick Suzuki.
3:09 of 2nd period - Stopped by Filip Gustavsson without a rebound.
3:10 of 2nd period - Matthew Beniers wins face-off versus Kirill Kaprizov in Tampa Bay Lightning zone.
3:35 of 2nd period - Ivan Barbashev is hit by Alex DeBrincat.
3:59 of 2nd period - Snap shot by Tyler Toffoli.
3:59 of 2nd period - Stopped by Spencer Knight with a rebound.
4:01 of 2nd period - Snap shot by Johnny Gaudreau.
4:01 of 2nd period - Shot Misses the Net.
4:16 of 2nd period - Off-side.
4:17 of 2nd period - Tomas Hertl wins face-off versus Andrew Cogliano in neutral zone.
4:24 of 2nd period - Wrist shot by Andrew Cogliano.
4:24 of 2nd period - Shot Hit the Post.
4:26 of 2nd period - Snap shot by Dante Fabbro.
4:26 of 2nd period - Shot Blocked by Moritz Seider.
4:30 of 2nd period - Slapshot by Matthew Beniers.
4:30 of 2nd period - Deflect By Yegor Sharangovich.
4:30 of 2nd period - Stopped by Filip Gustavsson with a rebound.
4:32 of 2nd period - Wrist shot by Kaiden Guhle.
4:32 of 2nd period - Shot Misses the Net.
4:55 of 2nd period - Alex DeBrincat is hit by Hampus Lindholm and loses puck.
5:35 of 2nd period - Slapshot by Alexander Kerfoot.
5:35 of 2nd period - Shot Misses the Net.
5:49 of 2nd period - Snap shot by Kaapo Kakko.
5:49 of 2nd period - Stopped by Filip Gustavsson with a rebound.
5:51 of 2nd period - Snap shot by Kaapo Kakko.
5:51 of 2nd period - Stopped by Filip Gustavsson without a rebound.
5:52 of 2nd period - Dylan Cozens wins face-off versus Matthew Beniers in Tampa Bay Lightning zone.
5:59 of 2nd period - Snap shot by Roope Hintz.
5:59 of 2nd period - Shot Misses the Net.
6:19 of 2nd period - Tomas Hertl is hit by Connor McDavid and loses puck.
6:26 of 2nd period - Snap shot by Alex DeBrincat.
6:26 of 2nd period - Shot Misses the Net.
7:00 of 2nd period - Michael Matheson is hit by Kaiden Guhle and loses puck.
7:15 of 2nd period - Wrist shot by Roope Hintz.
7:15 of 2nd period - Stopped by Spencer Knight without a rebound.
7:16 of 2nd period - Dylan Cozens wins face-off versus Connor McDavid in Winnipeg Jets zone.
7:47 of 2nd period - Alex DeBrincat is hit by Ivan Barbashev and loses puck.
8:11 of 2nd period - Slapshot by Roope Hintz.
8:11 of 2nd period - Shot Blocked by Dante Fabbro.
8:13 of 2nd period - Snap shot by Ivan Barbashev.
8:13 of 2nd period - Stopped by Spencer Knight with a rebound.
8:15 of 2nd period - Slapshot by Vladislav Gavrikov.
8:15 of 2nd period - Shot Misses the Net.
8:17 of 2nd period - Snap shot by Dylan Cozens.
8:17 of 2nd period - Shot Misses the Net.
8:21 of 2nd period - Backhand shot by Roope Hintz.
8:21 of 2nd period - Shot Blocked by Kaiden Guhle.
8:38 of 2nd period - Wrist shot by Lucas Raymond.
8:38 of 2nd period - Stopped by Filip Gustavsson with a rebound.
8:44 of 2nd period - Connor McDavid is hit by Moritz Seider and loses puck.
8:55 of 2nd period - Wrist shot by Dylan Cozens.
8:55 of 2nd period - Deflect By Ivan Barbashev.
8:55 of 2nd period - Shot Misses the Net.
8:55 of 2nd period - Puck is out of play.
8:56 of 2nd period - Matthew Beniers wins face-off versus Anze Kopitar in Winnipeg Jets zone.
9:09 of 2nd period - Slapshot by Johnny Gaudreau.
9:09 of 2nd period - Stopped by Spencer Knight with a rebound.
10:43 of 2nd period - Slapshot by Gustav Nyquist.
10:43 of 2nd period - Goal by Gustav Nyquist - Tampa Bay Lightning : 1 - Winnipeg Jets : 1.
10:44 of 2nd period - Yegor Sharangovich wins face-off versus Anze Kopitar in neutral zone.
10:55 of 2nd period - Wrist shot by Matthew Beniers.
10:55 of 2nd period - Goal by Matthew Beniers - Tampa Bay Lightning : 1 - Winnipeg Jets : 2.
10:56 of 2nd period - Matthew Beniers wins face-off versus Travis Konecny in neutral zone.
11:01 of 2nd period - Slapshot by Yegor Sharangovich.
11:01 of 2nd period - Shot Blocked by Tomas Hertl.
11:27 of 2nd period - Dylan Samberg is hit by Johnny Gaudreau and loses puck.
12:15 of 2nd period - Slapshot by Michael Matheson.
12:15 of 2nd period - Deflect By Alexander Kerfoot.
12:15 of 2nd period - Stopped by Spencer Knight without a rebound.
12:16 of 2nd period - Matthew Beniers wins face-off versus Tomas Hertl in Winnipeg Jets zone.
12:16 of 2nd period - Matthew Beniers is hit by Kirill Kaprizov.
12:24 of 2nd period - Wrist shot by Andrew Cogliano.
12:24 of 2nd period - Stopped by Filip Gustavsson without a rebound.
12:25 of 2nd period - Tomas Hertl wins face-off versus Matthew Beniers in Tampa Bay Lightning zone.
12:54 of 2nd period - Andrew Cogliano is hit by Travis Konecny and loses puck.
13:01 of 2nd period - Snap shot by Kirill Kaprizov.
13:01 of 2nd period - Stopped by Spencer Knight without a rebound.
13:02 of 2nd period - Anze Kopitar wins face-off versus Nick Suzuki in Winnipeg Jets zone.
13:05 of 2nd period - Snap shot by Johnny Gaudreau.
13:05 of 2nd period - Shot Misses the Net.
13:07 of 2nd period - Slapshot by Hampus Lindholm.
13:07 of 2nd period - Shot Misses the Net.
13:09 of 2nd period - Slapshot by Hampus Lindholm.
13:09 of 2nd period - Stopped by Spencer Knight with a rebound.
13:11 of 2nd period - Slapshot by Tyler Toffoli.
13:11 of 2nd period - Stopped by Spencer Knight without a rebound.
13:12 of 2nd period - Anze Kopitar wins face-off versus Nick Suzuki in Winnipeg Jets zone.
13:13 of 2nd period - Slapshot by Johnny Gaudreau.
13:13 of 2nd period - Deflect By Tyler Toffoli.
13:13 of 2nd period - Shot Blocked by Nathan Beaulieu.
13:13 of 2nd period - Puck is out of play.
13:14 of 2nd period - Nick Suzuki wins face-off versus Anze Kopitar in Winnipeg Jets zone.
13:43 of 2nd period - Kaiden Guhle is hit by Travis Konecny.
13:47 of 2nd period - Snap shot by Yegor Sharangovich.
13:47 of 2nd period - Shot Misses the Net.
14:34 of 2nd period - Slapshot by Hampus Lindholm.
14:34 of 2nd period - Stopped by Spencer Knight with a rebound.
14:36 of 2nd period - Snap shot by Christian Dvorak.
14:36 of 2nd period - Goal by Christian Dvorak - Tampa Bay Lightning : 2 - Winnipeg Jets : 2.
14:37 of 2nd period - Anze Kopitar wins face-off versus Nick Suzuki in neutral zone.
14:43 of 2nd period - Minor Penalty to Calen Addison for Roughing.
14:44 of 2nd period - Connor McDavid wins face-off versus Dylan Cozens in Winnipeg Jets zone.
15:21 of 2nd period - Snap shot by Connor McDavid.
15:21 of 2nd period - Stopped by Filip Gustavsson with a rebound.
15:23 of 2nd period - Wrist shot by Nick Suzuki.
15:23 of 2nd period - Shot Misses the Net.
15:33 of 2nd period - Dante Fabbro is hit by Michael Matheson and loses puck.
15:47 of 2nd period - Icing by Travis Konecny.
15:48 of 2nd period - Roope Hintz wins face-off versus Connor McDavid in Tampa Bay Lightning zone.
16:43 of 2nd period - Penalty to Calen Addison is over, Calen Addison is back on ice.
16:53 of 2nd period - Alex DeBrincat is hit by Gustav Nyquist and loses puck.
17:33 of 2nd period - Hampus Lindholm is hit by Sam Steel and loses puck.
17:46 of 2nd period - Barclay Goodrow is hit by Michael Matheson.
17:47 of 2nd period - Icing by Barclay Goodrow.
17:48 of 2nd period - Tomas Hertl wins face-off versus Nick Suzuki in Winnipeg Jets zone.
17:53 of 2nd period - Snap shot by Tomas Hertl.
17:53 of 2nd period - Stopped by Spencer Knight with a rebound.
17:55 of 2nd period - Wrist shot by Kirill Kaprizov.
17:55 of 2nd period - Stopped by Spencer Knight with a rebound.
17:57 of 2nd period - Slapshot by Travis Konecny.
17:57 of 2nd period - Deflect By Tomas Hertl.
17:57 of 2nd period - Shot Misses the Net.
17:57 of 2nd period - Puck is out of play.
17:58 of 2nd period - Anze Kopitar wins face-off versus Connor McDavid in Winnipeg Jets zone.
18:07 of 2nd period - Wrist shot by Anze Kopitar.
18:07 of 2nd period - Stopped by Spencer Knight with a rebound.
18:15 of 2nd period - Snap shot by Johnny Gaudreau.
18:15 of 2nd period - Shot Misses the Net.
18:33 of 2nd period - Wrist shot by Kirill Kaprizov.
18:33 of 2nd period - Stopped by Spencer Knight without a rebound.
18:34 of 2nd period - Dylan Cozens wins face-off versus Matthew Beniers in Winnipeg Jets zone.
18:35 of 2nd period - Snap shot by Roope Hintz.
18:35 of 2nd period - Stopped by Spencer Knight with a rebound.
18:46 of 2nd period - Minor Penalty to Ryan Graves for Hooking.
18:47 of 2nd period - Connor McDavid wins face-off versus Anze Kopitar in Tampa Bay Lightning zone.
Goals for this period are 2 for Tampa Bay Lightning vs 1 for Winnipeg Jets.
Shots for this period are 18 for Tampa Bay Lightning vs 8 for Winnipeg Jets.
3rd period
0:01 of 3rd period - Anze Kopitar wins face-off versus Connor McDavid in neutral zone.
0:14 of 3rd period - Slapshot by Alexander Kerfoot.
0:14 of 3rd period - Shot Blocked by Connor McDavid.
0:16 of 3rd period - Slapshot by Moritz Seider.
0:16 of 3rd period - Stopped by Spencer Knight with a rebound.
0:46 of 3rd period - Penalty to Ryan Graves is over, Ryan Graves is back on ice.
0:55 of 3rd period - Slapshot by Tomas Hertl.
0:55 of 3rd period - Stopped by Spencer Knight with a rebound.
0:57 of 3rd period - Slapshot by Darnell Nurse.
0:57 of 3rd period - Stopped by Spencer Knight without a rebound.
0:58 of 3rd period - Tomas Hertl wins face-off versus Matthew Beniers in Winnipeg Jets zone.
1:07 of 3rd period - Snap shot by Tomas Hertl.
1:07 of 3rd period - Stopped by Spencer Knight without a rebound.
1:08 of 3rd period - Connor McDavid wins face-off versus Johnny Gaudreau in Winnipeg Jets zone.
1:15 of 3rd period - Wrist shot by Lucas Raymond.
1:15 of 3rd period - Stopped by Filip Gustavsson without a rebound.
1:16 of 3rd period - Connor McDavid wins face-off versus Anze Kopitar in Tampa Bay Lightning zone.
2:05 of 3rd period - Wrist shot by Tyler Toffoli.
2:05 of 3rd period - Shot Misses the Net.
2:07 of 3rd period - Snap shot by Anze Kopitar.
2:07 of 3rd period - Deflect By Johnny Gaudreau.
2:07 of 3rd period - Stopped by Spencer Knight with a rebound.
2:09 of 3rd period - Slapshot by Moritz Seider.
2:09 of 3rd period - Deflect By Johnny Gaudreau.
2:09 of 3rd period - Shot Blocked by Dylan Samberg.
2:09 of 3rd period - Puck is out of play.
2:10 of 3rd period - Barclay Goodrow wins face-off versus Dylan Cozens in Winnipeg Jets zone.
2:25 of 3rd period - Wrist shot by Nick Suzuki.
2:25 of 3rd period - Shot Blocked by Darnell Nurse.
2:41 of 3rd period - Snap shot by Kirill Kaprizov.
2:41 of 3rd period - Stopped by Spencer Knight with a rebound.
2:53 of 3rd period - Minor Penalty to Kaiden Guhle for Hooking.
2:54 of 3rd period - Connor McDavid wins face-off versus Dylan Cozens in Winnipeg Jets zone.
3:47 of 3rd period - Roope Hintz is hit by Alex DeBrincat and loses puck.
4:53 of 3rd period - Penalty to Kaiden Guhle is over, Kaiden Guhle is back on ice.
4:58 of 3rd period - Slapshot by Moritz Seider.
4:58 of 3rd period - Shot Misses the Net.
5:00 of 3rd period - Slapshot by Alexander Kerfoot.
5:00 of 3rd period - Shot Blocked by Yegor Sharangovich.
5:55 of 3rd period - Ivan Barbashev is hit by Yegor Sharangovich and loses puck.
6:40 of 3rd period - Snap shot by Lucas Raymond.
6:40 of 3rd period - Deflect By Anze Kopitar.
6:40 of 3rd period - Shot Misses the Net.
6:40 of 3rd period - Puck is out of play.
6:41 of 3rd period - Anze Kopitar wins face-off versus Yegor Sharangovich in Tampa Bay Lightning zone.
7:00 of 3rd period - Alexander Kerfoot is hit by Connor McDavid and loses puck.
7:22 of 3rd period - Kaiden Guhle is hit by Travis Konecny and loses puck.
7:27 of 3rd period - Wrist shot by Kirill Kaprizov.
7:27 of 3rd period - Stopped by Spencer Knight with a rebound.
8:00 of 3rd period - Slapshot by Dante Fabbro.
8:00 of 3rd period - Deflect By Hampus Lindholm.
8:00 of 3rd period - Stopped by Filip Gustavsson with a rebound.
8:10 of 3rd period - Snap shot by Tyler Toffoli.
8:10 of 3rd period - Shot Misses the Net.
8:12 of 3rd period - Slapshot by Moritz Seider.
8:12 of 3rd period - Stopped by Spencer Knight with a rebound.
8:32 of 3rd period - Snap shot by Kaapo Kakko.
8:32 of 3rd period - Deflect By Nick Suzuki.
8:32 of 3rd period - Stopped by Filip Gustavsson without a rebound.
8:33 of 3rd period - Connor McDavid wins face-off versus Dylan Cozens in Tampa Bay Lightning zone.
8:34 of 3rd period - Slapshot by Lucas Raymond.
8:34 of 3rd period - Shot Blocked by Ivan Barbashev.
8:36 of 3rd period - Slapshot by Connor McDavid.
8:36 of 3rd period - Shot Misses the Net.
8:38 of 3rd period - Wrist shot by Connor McDavid.
8:38 of 3rd period - Stopped by Filip Gustavsson with a rebound.
8:40 of 3rd period - Snap shot by Ty Smith.
8:40 of 3rd period - Stopped by Filip Gustavsson with a rebound.
8:42 of 3rd period - Slapshot by Lucas Raymond.
8:42 of 3rd period - Shot Misses the Net.
8:44 of 3rd period - Slapshot by Calen Addison.
8:44 of 3rd period - Shot Misses the Net.
8:46 of 3rd period - Snap shot by Alex DeBrincat.
8:46 of 3rd period - Stopped by Filip Gustavsson with a rebound.
8:48 of 3rd period - Wrist shot by Alex DeBrincat.
8:48 of 3rd period - Deflect By Lucas Raymond.
8:48 of 3rd period - Shot Misses the Net.
8:48 of 3rd period - Puck is out of play.
8:49 of 3rd period - Nick Suzuki wins face-off versus Tomas Hertl in Tampa Bay Lightning zone.
8:53 of 3rd period - Icing by Tomas Hertl.
8:54 of 3rd period - Nick Suzuki wins face-off versus Tomas Hertl in Tampa Bay Lightning zone.
9:25 of 3rd period - Backhand shot by Darnell Nurse.
9:25 of 3rd period - Deflect By Roope Hintz.
9:25 of 3rd period - Shot Blocked by Matthew Beniers.
9:25 of 3rd period - Puck is out of play.
9:26 of 3rd period - Matthew Beniers wins face-off versus Johnny Gaudreau in Winnipeg Jets zone.
9:31 of 3rd period - Vladislav Gavrikov is hit by Nathan Beaulieu and loses puck.
9:36 of 3rd period - Wrist shot by Matthew Beniers.
9:36 of 3rd period - Shot Blocked by Tyler Toffoli.
9:56 of 3rd period - Barclay Goodrow is hit by Dylan Cozens and loses puck.
10:41 of 3rd period - Moritz Seider is hit by Dante Fabbro and loses puck.
11:12 of 3rd period - Vladislav Gavrikov is hit by Kaapo Kakko and loses puck.
11:38 of 3rd period - Wrist shot by Kirill Kaprizov.
11:38 of 3rd period - Stopped by Spencer Knight with a rebound.
11:40 of 3rd period - Slapshot by Vladislav Gavrikov.
11:40 of 3rd period - Stopped by Spencer Knight with a rebound.
11:58 of 3rd period - Wrist shot by Andrew Cogliano.
11:58 of 3rd period - Stopped by Filip Gustavsson with a rebound.
12:00 of 3rd period - Wrist shot by Matthew Beniers.
12:00 of 3rd period - Deflect By Yegor Sharangovich.
12:00 of 3rd period - Shot Misses the Net.
12:00 of 3rd period - Puck is out of play.
12:01 of 3rd period - Nick Suzuki wins face-off versus Tomas Hertl in Tampa Bay Lightning zone.
12:26 of 3rd period - Alex DeBrincat is hit by Dylan Cozens and loses puck.
13:59 of 3rd period - Kaiden Guhle is hit by Gustav Nyquist.
14:17 of 3rd period - Snap shot by Gustav Nyquist.
14:17 of 3rd period - Shot Blocked by Kaiden Guhle.
14:31 of 3rd period - Wrist shot by Gustav Nyquist.
14:31 of 3rd period - Stopped by Spencer Knight with a rebound.
14:33 of 3rd period - Slapshot by Ryan Graves.
14:33 of 3rd period - Stopped by Spencer Knight without a rebound.
14:34 of 3rd period - Dylan Cozens wins face-off versus Nick Suzuki in Winnipeg Jets zone.
14:59 of 3rd period - Darnell Nurse is hit by Calen Addison and loses puck.
15:08 of 3rd period - Snap shot by Connor McDavid.
15:08 of 3rd period - Stopped by Filip Gustavsson with a rebound.
15:10 of 3rd period - Slapshot by Alex DeBrincat.
15:10 of 3rd period - Stopped by Filip Gustavsson without a rebound.
15:11 of 3rd period - Sam Steel wins face-off versus Tomas Hertl in Tampa Bay Lightning zone.
15:12 of 3rd period - Wrist shot by Joel Armia.
15:12 of 3rd period - Shot Misses the Net.
15:14 of 3rd period - Slapshot by Pius Suter.
15:14 of 3rd period - Shot Blocked by Tomas Hertl.
15:16 of 3rd period - Slapshot by Pius Suter.
15:16 of 3rd period - Stopped by Filip Gustavsson without a rebound.
15:17 of 3rd period - Sam Steel wins face-off versus Kirill Kaprizov in Tampa Bay Lightning zone.
15:22 of 3rd period - Snap shot by Joel Armia.
15:22 of 3rd period - Stopped by Filip Gustavsson with a rebound.
15:24 of 3rd period - Slapshot by Pius Suter.
15:24 of 3rd period - Stopped by Filip Gustavsson without a rebound.
15:25 of 3rd period - Sam Steel wins face-off versus Anze Kopitar in Tampa Bay Lightning zone.
15:26 of 3rd period - Wrist shot by Pius Suter.
15:26 of 3rd period - Stopped by Filip Gustavsson without a rebound.
15:27 of 3rd period - Anze Kopitar wins face-off versus Sam Steel in Tampa Bay Lightning zone.
15:36 of 3rd period - Backhand shot by Anze Kopitar.
15:36 of 3rd period - Deflect By Johnny Gaudreau.
15:36 of 3rd period - Stopped by Spencer Knight without a rebound.
15:37 of 3rd period - Sam Steel wins face-off versus Anze Kopitar in Winnipeg Jets zone.
16:23 of 3rd period - Snap shot by Connor McDavid.
16:23 of 3rd period - Shot Misses the Net.
16:35 of 3rd period - Hampus Lindholm is hit by Lucas Raymond and loses puck.
16:48 of 3rd period - Christian Dvorak is hit by Joel Armia and loses puck.
17:15 of 3rd period - Slapshot by Anze Kopitar.
17:15 of 3rd period - Deflect By Tyler Toffoli.
17:15 of 3rd period - Stopped by Spencer Knight without a rebound.
17:16 of 3rd period - Anze Kopitar wins face-off versus Matthew Beniers in Winnipeg Jets zone.
17:33 of 3rd period - Wrist shot by Johnny Gaudreau.
17:33 of 3rd period - Stopped by Spencer Knight with a rebound.
17:35 of 3rd period - Snap shot by Anze Kopitar.
17:35 of 3rd period - Deflect By Dylan Samberg.
17:35 of 3rd period - Shot Misses the Net.
17:35 of 3rd period - Puck is out of play.
17:36 of 3rd period - Sam Steel wins face-off versus Tomas Hertl in Winnipeg Jets zone.
17:41 of 3rd period - Slapshot by Calen Addison.
17:41 of 3rd period - Stopped by Filip Gustavsson without a rebound.
17:42 of 3rd period - Pius Suter wins face-off versus Tomas Hertl in Tampa Bay Lightning zone.
17:43 of 3rd period - Snap shot by Sam Steel.
17:43 of 3rd period - Shot Misses the Net.
17:45 of 3rd period - Slapshot by Ty Smith.
17:45 of 3rd period - Deflect By Tomas Hertl.
17:45 of 3rd period - Stopped by Filip Gustavsson with a rebound.
17:47 of 3rd period - Snap shot by Joel Armia.
17:47 of 3rd period - Stopped by Filip Gustavsson without a rebound.
17:48 of 3rd period - Matthew Beniers wins face-off versus Anze Kopitar in Tampa Bay Lightning zone.
17:53 of 3rd period - Snap shot by Johnny Gaudreau.
17:53 of 3rd period - Shot Misses the Net.
18:04 of 3rd period - Icing by Nathan Beaulieu.
18:05 of 3rd period - Matthew Beniers wins face-off versus Travis Konecny in Winnipeg Jets zone.
18:05 of 3rd period - Matthew Beniers is hit by Kirill Kaprizov.
18:16 of 3rd period - Slapshot by Travis Konecny.
18:16 of 3rd period - Shot Blocked by Dylan Samberg.
18:32 of 3rd period - Pius Suter is hit by Johnny Gaudreau and loses puck.
18:37 of 3rd period - Wrist shot by Anze Kopitar.
18:37 of 3rd period - Stopped by Spencer Knight with a rebound.
18:39 of 3rd period - Snap shot by Anze Kopitar.
18:39 of 3rd period - Shot Misses the Net.
18:41 of 3rd period - Snap shot by Tyler Toffoli.
18:41 of 3rd period - Shot Misses the Net.
Goals for this period are 0 for Tampa Bay Lightning vs 0 for Winnipeg Jets.
Shots for this period are 16 for Tampa Bay Lightning vs 16 for Winnipeg Jets.
Overtime #1
0:01 of 1st overtime period - Tomas Hertl wins face-off versus Connor McDavid in neutral zone.
0:35 of 1st overtime period - Anze Kopitar is hit by Kaiden Guhle and loses puck.
2:02 of 1st overtime period - Calen Addison is hit by Michael Matheson.
3:06 of 1st overtime period - Nick Suzuki is hit by Kirill Kaprizov and loses puck.
3:24 of 1st overtime period - Icing by Alex DeBrincat.
3:25 of 1st overtime period - Dylan Cozens wins face-off versus Alex DeBrincat in Winnipeg Jets zone.
3:31 of 1st overtime period - Icing by Kaiden Guhle.
3:32 of 1st overtime period - Anze Kopitar wins face-off versus Connor McDavid in Winnipeg Jets zone.
Goals for this period are 0 for Tampa Bay Lightning vs 0 for Winnipeg Jets.
Shots for this period are 0 for Tampa Bay Lightning vs 0 for Winnipeg Jets.
ShootOut
5:00 of 1st overtime period - Round #1.
5:00 of 1st overtime period - Tampa Bay Lightning, Gustav Nyquist.
5:00 of 1st overtime period - Wrist shot by Gustav Nyquist.
5:00 of 1st overtime period - Stopped by Spencer Knight.
5:00 of 1st overtime period - Winnipeg Jets, Connor McDavid.
5:00 of 1st overtime period - Backhand shot by Connor McDavid.
5:00 of 1st overtime period - Stopped by Filip Gustavsson.
5:00 of 1st overtime period - Round #2.
5:00 of 1st overtime period - Tampa Bay Lightning, Kirill Kaprizov.
5:00 of 1st overtime period - Deke by Kirill Kaprizov.
5:00 of 1st overtime period - Goal by Kirill Kaprizov.
5:00 of 1st overtime period - Winnipeg Jets, Nick Suzuki.
5:00 of 1st overtime period - Deke by Nick Suzuki.
5:00 of 1st overtime period - Stopped by Filip Gustavsson.
5:00 of 1st overtime period - Round #3.
5:00 of 1st overtime period - Tampa Bay Lightning, Alexander Kerfoot.
5:00 of 1st overtime period - Backhand shot by Alexander Kerfoot.
5:00 of 1st overtime period - Shot Misses the Net.
5:00 of 1st overtime period - Winnipeg Jets, Alex DeBrincat.
5:00 of 1st overtime period - Deke by Alex DeBrincat.
5:00 of 1st overtime period - Stopped by Filip Gustavsson.
Back to the Top